 Dungeon Crawl Stone Soup version 0.30.0-5-g1a98f26d00 (webtiles) character file.

Game seed: 6776381215223862904

54 GloriousHammer the Sneak (level 3, 0/19 HPs)
             Began as a Tengu Enchanter on May 8, 2023.
             Slain by Blork the orc
             ... wielding a +0 mace
              (7 damage)
             ... on level 4 of the Dungeon.
             The game lasted 00:06:07 (3291 turns).

GloriousHammer the Sneak (Tengu Enchanter)          Turns: 3291, Time: 00:06:07

Health: 0/19       AC:  2    Str:  8    XL:     3   Next: 91%
Magic:  2/7        EV: 12    Int: 17    God:
Gold:   117        SH:  0    Dex: 14    Spells: 0/6 levels left

rFire   . . .        a - +1 dagger
rCold   . . .        (no shield)
rNeg    . . .        h - +0 robe
rPois   .            (helmet restricted)
rElec   .            (no cloak)
rCorr   +            (no gloves)
SInv    .            (boots unavailable)
Will    .....        (no amulet)
Stlth   ++           R - ring of resist corrosion
HPRegen 0.23/turn    (no ring)
MPRegen 0.10/turn

%: no passive effects
@: very slightly contaminated
A: beak, talons 3
a: no special abilities


You were on level 4 of the Dungeon.
You visited 1 branch of the dungeon, and saw 5 of its levels.

You collected 117 gold pieces.

Inventory:

Hand Weapons
 a - a +1 dagger (weapon)
 b - a +0 sling
 d - a +0 whip
Armour
 h - a +0 robe (worn)
Magical Staves
 q - a staff of conjuration
Jewellery
 R - a ring of resist corrosion (left hand)
Scrolls
 e - 2 scrolls of magic mapping {unknown}
 j - a scroll of immolation {unknown}
 n - a scroll of noise {unknown}
 p - a scroll of enchant armour {unknown}
Potions
 c - 2 potions of invisibility
 f - a potion of curing {unknown}
 g - a potion of ambrosia {unknown}
 i - a potion of flight {unknown}
 k - a potion of mutation {unknown}
 l - 2 potions of lignification {unknown}
 m - 2 potions of might {unknown}
 o - a potion of berserk rage {unknown}


   Skills:
 - Level 0.3 Fighting
 - Level 1.5 Short Blades
 + Level 0.7 Ranged Weapons
 - Level 2.3 Dodging
 + Level 3.5 Stealth
 - Level 2.4 Spellcasting
 + Level 2.5 Hexes


You couldn't memorise any spells.
You knew the following spells:

 Your Spells              Type           Power      Damage    Failure   Level
a - Confusing Touch       Hex            10%        N/A       19%         3
b - Tukima's Dance        Hex            10%        N/A       19%         3

Your spell library contained the following spells:

 Spells                   Type           Power      Damage    Failure   Level
 Ensorcelled Hibernation  Hex/Ice        12%        N/A       17%         2
 Dazzling Flash           Conj/Hex       12%        N/A       32%         3
 Malign Gateway           Summ/Tloc      1%         N/A       100%        7
 Summon Horrible Things   Summ           1%         N/A       100%        8


Dungeon Overview and Level Annotations

Branches:
Dungeon (5/15)
 Temple: D:4-7

Altars:
Zin

Annotations:
D:4 exclusion: scorpion, Blork the orc
D:5 Grinder


Innate Abilities, Weirdness & Mutations

You have a beak for a mouth.
You have claws for feet.


Message History

b - a +0 sling (weapon)
You shoot a sling bullet. The endoplasm quivers.
The sling bullet hits the endoplasm.
The endoplasm is lightly wounded.
You shoot a sling bullet. The sling bullet hits the endoplasm.
The endoplasm is severely wounded.
You shoot a sling bullet. The sling bullet hits the endoplasm.
You kill the endoplasm!
No target in view!
Things that are here:
a +0 club; a goblin corpse You start resting.
HP restored.
You start waiting.
Found a stone staircase leading down.
There is a shaft here.
There is a shaft here.
There is a stone staircase leading up here.
A hobgoblin comes into view.
A hobgoblin is nearby!
A hobgoblin is nearby!
You shoot a sling bullet.
The sling bullet closely misses the hobgoblin.
You shoot a sling bullet.
The sling bullet hits the hobgoblin but does no damage.
The hobgoblin completely misses you. The hobgoblin closely misses you.
You shoot a sling bullet. The sling bullet hits the hobgoblin.
The hobgoblin is almost dead.
The hobgoblin barely misses you.
You shoot a sling bullet. The sling bullet hits the hobgoblin.
You kill the hobgoblin!
You now have 117 gold pieces (gained 13).
There is a glowing silver altar of Zin here.
There is a stone staircase leading up here.
There is a stone staircase leading up here.
Found 5 stones.
You see here 5 stones.
Found a scale mail.
There is a stone staircase leading up here.
Done exploring.
Done exploring.
Done exploring.
Done exploring.
Search for what [Enter for "."]? .
(D) Dungeon
Where to? (Enter - D:2, ? - help)
There is a stone staircase leading down here.
You climb downwards.
A sourceless malevolence fills the Dungeon...
You fall into a shaft and drop 2 floors!
The shaft crumbles and collapses.
Found a short jewelled staff.
Found an escape hatch in the floor.
Found a stone staircase leading down.
There is an escape hatch in the floor here.
You see here a staff of conjuration.
q - a staff of conjuration
There is an escape hatch in the floor here.
Grinder comes into view.
She is carrying a wand of polymorph (6).
Press: ? - help, . - travel You can't see that place. [the floor.] Placed new exclusion.
There is an escape hatch in the floor here.
Found a stone staircase leading up.
You open the door.
Found a stone staircase leading down.
There is an open door here.
There is a stone staircase leading up here.
You climb upwards.
You hear the hiss of flowing sand.
There is an entrance to an ossuary on this level.
Hurry and find it before the portal is buried!
There is a stone staircase leading down here.
A scorpion comes into view.
Found 3 stones.
Press: ? - help, . - travel You can't see that place. [the floor.] Placed new exclusion.
Blork the orc comes into view.
He is wielding a +0 mace.
Cast which spell? (? or * to list)
Okay, then.
You shoot a sling bullet. The sling bullet hits Blork the orc.
Blork the orc shouts!
Blork the orc is lightly wounded.
Cast which spell? (? or * to list)
You don't know that spell.
Cast which spell? (? or * to list)
Aiming: Tukima's Dance (extremely dangerous; 19% risk of failure)
Press: ? - help, Shift-Dir - straight line, f/p - Blork the orc
Aim: Blork the orc, wielding a +0 mace and wearing a +0 robe (lightly wounded, chance to affect: 44%) Blork the orc resists with some effort.
Blork the orc casts a spell at you. The puff of frost hits you!
Ouch! That really hurt!
Casting: Tukima's Dance (extremely dangerous; 19% risk of failure)
Confirm with . or Enter, or press ? or * to list all spells.
Aiming: Tukima's Dance (extremely dangerous; 19% risk of failure)
Press: ? - help, Shift-Dir - straight line, f/p - Blork the orc
Aim: Blork the orc, wielding a +0 mace and wearing a +0 robe (lightly wounded, chance to affect: 44%) Blork the orc resists with some effort.
Blork the orc frowns.
Blork the orc points at you and mumbles some strange words.
The puff of flame hits you.
* * * LOW HITPOINT WARNING * * *
Casting: Tukima's Dance (extremely dangerous; 19% risk of failure)
Confirm with . or Enter, or press ? or * to list all spells.
You don't have enough magic to cast this spell.
Unknown command.
Blork the orc looks angry.
There is a stone staircase leading down here.
Blork the orc gestures wildly while chanting.
Blork the orc seems to speed up.
You climb downwards.
Level annotation: Grinder
There is a stone staircase leading up here.
You start resting.
Magic restored.
You start resting.
HP restored.
You climb upwards.
You hear the hiss of flowing sand.
There is an entrance to an ossuary on this level.
Hurry and find it before the portal is buried!
Level annotation: exclusion: scorpion, Blork the orc You hear the slow hiss of a very distant avalanche of sand.
Blork the orc miscasts a cantrip.
There is a stone staircase leading down here.
Casting: Tukima's Dance (extremely dangerous; 19% risk of failure)
Confirm with . or Enter, or press ? or * to list all spells.
Aiming: Tukima's Dance (extremely dangerous; 19% risk of failure)
Press: ? - help, Shift-Dir - straight line, f - Blork the orc
Aim: Blork the orc, wielding a +0 mace and wearing a +0 robe (chance to affect: 44%) Blork the orc resists with some effort.
Casting: Tukima's Dance (extremely dangerous; 19% risk of failure)
Confirm with . or Enter, or press ? or * to list all spells.
Aiming: Tukima's Dance (extremely dangerous; 19% risk of failure)
Press: ? - help, Shift-Dir - straight line, f/p - Blork the orc
Aim: Blork the orc, wielding a +0 mace and wearing a +0 robe (chance to affect: 44%) Blork the orc resists with some effort.
Casting: Tukima's Dance (extremely dangerous; 19% risk of failure)
Confirm with . or Enter, or press ? or * to list all spells.
You don't have enough magic to cast this spell.
Unknown command.
Unknown command.
You climb downwards.
Level annotation: Grinder
There is a stone staircase leading up here.
You start resting.
Magic restored.
You can't go down here!
You climb upwards.
You hear the hiss of flowing sand.
There is an entrance to an ossuary on this level.
Hurry and find it before the portal is buried!
Level annotation: exclusion: scorpion, Blork the orc You hear the slow hiss of a very distant avalanche of sand.
Blork the orc gestures at you while chanting.
The puff of frost hits you.
Blork the orc screams, "I'll break your legs!"
There is a stone staircase leading down here.
Casting: Tukima's Dance (extremely dangerous; 19% risk of failure)
Confirm with . or Enter, or press ? or * to list all spells.
Aiming: Tukima's Dance (extremely dangerous; 19% risk of failure)
Press: ? - help, Shift-Dir - straight line, f - Blork the orc
Aim: Blork the orc, wielding a +0 mace and wearing a +0 robe (chance to affect: 44%) Blork the orc resists with some effort.
Blork the orc cheers to no one in particular.
Blork the orc misses you.
a - a +1 dagger (weapon)
You hit Blork the orc.
Blork the orc is lightly wounded.
Blork the orc completely misses you.
You hit Blork the orc. Your peck misses Blork the orc.
Blork the orc is moderately wounded.
Blork the orc casts a spell at you. The magic dart hits you!
You hit Blork the orc but do no damage. Your peck misses Blork the orc.
Blork the orc is moderately wounded.
Blork the orc closely misses you.
Unknown command.
You hit Blork the orc.
Blork the orc is moderately wounded.
Blork the orc barely misses you.
Casting: Tukima's Dance (extremely dangerous; 19% risk of failure)
Confirm with . or Enter, or press ? or * to list all spells.
You miscast Confusing Touch.
You are very lightly contaminated with residual magic.
Nothing appears to happen.
Blork the orc closely misses you.
You barely miss Blork the orc. You claw Blork the orc.
Blork the orc is heavily wounded.
Blork the orc barely misses you.
You hit Blork the orc. Your kick misses Blork the orc.
Blork the orc is heavily wounded.
Blork the orc barely misses you.
You barely miss Blork the orc.
Blork the orc is heavily wounded.
Blork the orc hits you with a +0 mace.
You hit Blork the orc. Your kick misses Blork the orc.
You peck Blork the orc, but do no damage.
Blork the orc is heavily wounded.
Blork the orc hits you with a +0 mace!
You die...

....s .....
...... .
......### ##..
...(....#####...
#..##... ##.##.#
#....####
#@o.....#
#######.# #.#
#.# #.# #o# #.#
#.#
############.#


You could see Blork the orc.

Vanquished Creatures
  A worm (D:2)
  8 ball pythons
  7 bats
  4 endoplasms
  3 giant cockroaches
  4 goblins
  4 hobgoblins
  6 jackals (D:1)
  4 kobolds
  A quokka (D:2)
  3 rats
45 creatures vanquished.

Notes
Turn   | Place    | Note
-------+----------+-------------------------------------------
     0 | D:1      | GloriousHammer the Tengu Enchanter began the quest for the
                  | Orb.
     0 | D:1      | Reached XP level 1. HP: 10/10 MP: 4/4
    92 | D:1      | Reached XP level 2. HP: 8/15 MP: 6/6
  1018 | D:1      | Reached XP level 3. HP: 17/19 MP: 7/7
  1950 | D:2      | Found a glowing silver altar of Zin.
  2228 | D:2      | Learned a level 3 spell: Confusing Touch
  2232 | D:2      | Learned a level 3 spell: Tukima's Dance
  3011 | D:3      | You fall into a shaft and drop 2 floors!
  3011 | D:5      | Entered Level 5 of the Dungeon
  3025 | D:5      | Noticed Grinder
  3127 | D:4      | Noticed a scorpion
  3145 | D:4      | Noticed Blork the orc
  3291 | D:4      | Slain by Blork the orc

Illustrated notes

Levels and vault maps discovered:
D:1:      dpeg_arrival_refuge, layout_basic
D:2:      layout_loops_ring, basic_altar, st_stairs_3, roderic_lattice_a
D:3:      layout_loops_cross, mainiacjoe_overflow_big_doors, uniq_jessica
D:4:      layout_basic, minmay_temple_entry_tees, enter_ossuary_1,
          uniq_eustachio, uniq_blork_the_orc
D:5:      layout_basic, serial_shops, nicolae_shop_trees, hex_tiny,
          uniq_crazy_yiuf_cottage, uniq_grinder

Action                     || total
---------------------------++-------
  Melee: Dagger            ||    73
         Kick              ||    11
         Peck              ||    12
   Fire: Sling             ||   161
   Cast: Tukima's Dance    ||     5
 Armour: Robe              ||    41
  Dodge: Dodged            ||   141
